 Dungeon Crawl Stone Soup version 0.27-a0-1065-ge809cff456 (webtiles) character file.

Game seed: 6545937519907549686

116 Lemonice the Skirmisher (level 4, -1/39 HPs)
             Began as a Palentonga Fighter on Apr 22, 2021.
             Slain by Crazy Yiuf
             ... wielding a +2 quarterstaff of chaos
              (14 damage)
             ... on level 2 of the Dungeon.
             The game lasted 00:03:45 (2671 turns).

Lemonice the Skirmisher (Palentonga Fighter)        Turns: 2671, Time: 00:03:45

Health: -1/39      AC:  7    Str: 20    XL:     4   Next: 70%
Magic:  4/4        EV:  5    Int:  9    God:
Gold:   73         SH:  9    Dex:  9    Spells: 3/3 levels left

rFire    . . .     SeeInvis +   a - +0 long sword
rCold    . . .     Faith    .   c - +0 kite shield
rNeg     . . .     Spirit   .   j - +1 scale mail {rPois}
rPois    +         Reflect  .   (no helmet)
rElec    .         Harm     .   (no cloak)
rCorr    .         Rampage  .   (no gloves)
Will     .....                  (no barding)
Stlth    ..........             (no amulet)
HPRegen  0.13/turn              (no ring)
MPRegen  0.09/turn              (no ring)

@: no status effects
A: large, rugged brown scales 3, see invisible, deformed body, roll 1, armoured
tail
a: Rolling Charge


You were on level 2 of the Dungeon.
You visited 1 branch of the dungeon, and saw 2 of its levels.

You collected 73 gold pieces.

Inventory:

Hand Weapons
 a - a +0 long sword (weapon)
Armour
 b - a +0 scale mail
 c - a +0 kite shield (worn)
 j - a +1 scale mail of poison resistance (worn)
Jewellery
 k - a ring of protection from cold
Wands
 h - a wand of polymorph (4)
Scrolls
 f - 2 scrolls of magic mapping {unknown}
 g - a scroll of teleportation {unknown}
 l - a scroll of brand weapon {unknown}
 n - a scroll of identify {unknown}
Potions
 d - a potion of might
 e - a potion of attraction {unknown}
 i - a potion of brilliance {unknown}
 m - a potion of experience {unknown}
 o - a potion of curing {unknown}


   Skills:
 + Level 3.7 Fighting
 + Level 3.0 Long Blades
 + Level 3.1 Armour
 + Level 3.1 Shields


You had 3 spell levels left.
You didn't know any spells.
Your spell library was empty.

Dungeon Overview and Level Annotations

Branches:
Dungeon (2/15)

Altars:

Annotations:
D:2 Crazy Yiuf


Innate Abilities, Weirdness & Mutations

You are completely covered in rugged brown scales. (AC +3, +7% HP)
You have supernaturally acute eyesight. (SInv)
Armour fits poorly on your strangely shaped body.
You can roll at nearby foes to attack.
You have a long armoured tail.


Message History

You kill the giant cockroach!
Found an escape hatch in the ceiling.
Found a stone staircase leading down.
There is a stone staircase leading down here.
There is an escape hatch in the ceiling here.
Found a mace.
Found a runed translucent door.
Crazy Yiuf laughs, "Ghoul!
Tosser tea tortoise."
There is an escape hatch in the ceiling here.
There is a stone staircase leading down here.
There is an open door here.
There is a fountain of clear blue water here.
You open the door.
There is an open door here.
n - a scroll labelled ODWOOL XAEHA You now have 73 gold pieces (gained 5).
o - an emerald potion
There is an open door here.
There is a fountain of clear blue water here.
You open the door.
There is an open door here.
There is a stone staircase leading up here.
There is a stone staircase leading down here.
There is an escape hatch in the ceiling here.
You open the door. You hit Crazy Yiuf.
Crazy Yiuf is moderately wounded.
You block Crazy Yiuf's attack.
You barely miss Crazy Yiuf.
Crazy Yiuf is moderately wounded.
Crazy Yiuf whimpers, "East shoe tortoise!"
You block Crazy Yiuf's attack.
Crazy Yiuf hits you with a +2 quarterstaff of chaos!
You are electrocuted!!
You barely miss Crazy Yiuf. You tail-slap Crazy Yiuf.
Crazy Yiuf is heavily wounded.
Crazy Yiuf barely misses you.
You riposte.
You hit Crazy Yiuf but do no damage.
Crazy Yiuf is heavily wounded.
You hit Crazy Yiuf.
Crazy Yiuf is severely wounded.
Crazy Yiuf hits you with a +2 quarterstaff of chaos!
You die...

#.# #.# #.# #.# #.# #.# #.#
### ######.## ##.......#
♣♣♣♣♣### .........# ###
♣♣♣.♣.P..## #........#
#...#♣..♣.PP...##
#........#
#...g@♣♣♣♣.P....#
#........# #)..#♣♣ ♣♣.....#
#.#####.## ### ♣♣###.# #.#
#.# #..# #.# #.# #.##
#.#####.#################.#
#.#................#.#....#
#.#.###.##########.#.#<####
......#.# #.#.#>#


You could see Crazy Yiuf.

Vanquished Creatures
  A hound (D:2)
  Jessica (D:2)
  Terence (D:2)
  A dart slug (D:2)
  4 endoplasms
  4 giant cockroaches
  2 goblins
  7 hobgoblins
  4 kobolds
  A ball python (D:2)
  3 bats (D:1)
  5 frilled lizards (D:1)
  A rat (D:1)
35 creatures vanquished.

Notes
Turn   | Place    | Note
-------+----------+-------------------------------------------
     0 | D:1      | Lemonice the Palentonga Fighter began the quest for the
                  | Orb.
     0 | D:1      | Reached XP level 1. HP: 19/19 MP: 1/1
   619 | D:1      | Reached XP level 2. HP: 25/25 MP: 2/2
   733 | D:1      | Found a faded altar of an unknown god.
  1280 | D:2      | Noticed Terence
  1334 | D:2      | Killed Terence
  1335 | D:2      | Reached XP level 3. HP: 31/31 MP: 3/3
  1438 | D:2      | Noticed Jessica
  1442 | D:2      | Killed Jessica
  1443 | D:2      | Reached XP level 4. HP: 32/37 MP: 4/4
  2241 | D:2      | Found a runed translucent door.
  2242 | D:2      | Noticed Crazy Yiuf
  2671 | D:2      | Slain by Crazy Yiuf

Illustrated notes

Levels and vault maps discovered:
D:1:      dpeg_arrival_circle_labyrinth_c, layout_loops_corners,
          shapermc_ecumenical_altar_venn, minmay_lizard_pond
D:2:      layout_basic, minmay_fountain_box, minmay_misc_feat_enclosed,
          uniq_terence, uniq_jessica, uniq_crazy_yiuf_cottage

Skill      XL: |  1  2  3  4 |
---------------+-------------+-----
Armour         | 3 |  3.1
Shields        | 3 |  3.1
Long Blades    | 3 |  3.0
Fighting       | |  3.7

Action                   |  1- 3 |  4- 6 || total
-------------------------+-------+-------++-------
Melee: Long sword        |    62 |    44 ||   106
       Tailslap          |     6 |     5 ||    11
 Abil: Rolling Charge    |    12 |     8 ||    20
Armor: Scale mail        |    32 |    13 ||    45
Dodge: Dodged            |     4 |    12 ||    16
Block: Kite shield       |    27 |    27 ||    54
       Rpst.: Long sword |     2 |     5 ||     7

Table legend: (Time is in decaauts)
 A = Elapsed time spent in this place.
 B = Non-inter-level travel time spent in this place.
 C = Inter-level travel time spent in this place.
 D = Time resting spent in this place.
 E = Time spent auto-exploring this place.
 F = Levels seen in this place.
 G = Mean time per level.
                   A        B        C        D        E       F      G
               +--------+--------+--------+--------+--------+-----+--------+
         Total |   2701 |   2691 |     10 |    122 |   2273 |   2 | 1350.5 |
       Dungeon |   2701 |   2691 |     10 |    122 |   2273 |   2 | 1350.5 |
               +--------+--------+--------+--------+--------+-----+--------+

Top non-repeatable levels by time:
     D:2: 1393 daAuts
     D:1: 1308 daAuts
